[Event "Titled Tuesday Blitz June 15 2021"]
[White "Suvorov, Alexander"]
[Black "Orantes Taboada, Francisco"]
[WhiteFideId "12977063"]
[BlackFideId "22274758"]
[WhiteElo "2221"]
[BlackElo "2073"]
[Result "1/2-1/2"]
[Round "08"]
[TimeControl "180+1"]
[Date "2021.06.15"]
[WhiteClock "0:00:07"]
[BlackClock "0:00:08"]

1. d4 Nf6 2. c4 g6 3. Nc3 d5 4. Nf3 Bg7 5. Bg5 Ne4 6. cxd5 Nxc3 7. bxc3 Qxd5 8. e3 c5 9. Bb5+ Bd7 10. Bxd7+ Nxd7 11. O-O cxd4 12. cxd4 e5 13. dxe5 Qxd1 14. Raxd1 Nxe5 15. Nxe5 Bxe5 16. Rd5 Bg7 17. Rc1 O-O 18. Rc7 Rfc8 19. Rdd7 Rxc7 20. Rxc7 b5 21. h4 a5 22. Rb7 b4 23. Rb5 Bc3 24. Be7 Re8 25. Bd6 Rd8 26. Bc7 Rd1+ 27. Kh2 a4 28. Ba5 Rb1 29. a3 Rb2 30. Bxb4 Bxb4 31. axb4 a3 32. Ra5 a2 33. Kg3 Kf8 34. b5 Ke7 35. Ra6 Kd7 36. f3 Kc7 37. e4 f6 38. Kh3 h5 39. g4 hxg4+ 40. Kxg4 Rg2+ 41. Kf4 Re2 42. Kg3 Kb7 43. Kf4 Rh2 44. Kg3 Re2 45. f4 Re3+ 46. Kg4 Re2 47. e5 fxe5 48. fxe5 Rxe5 49. Rxa2 Rxb5 50. Rf2 Kc7 51. Rf6 Kd7 52. Rxg6 Ke8 53. h5 Kf7 54. Rc6 Kg7 55. Rc4 Kh8 56. Kh4 Rb8 57. h6 Rg8 58. Kh5 Ra8 59. Rc6 Ra5+ 60. Kg6 Ra8 61. Rf6 Rg8+ 62. Kh5 Ra8 63. Rf5 Rg8 64. Re5 Rb8 65. Re7 Rg8 66. Kh4 Ra8 67. Kh5 Ra5+ 68. Kg6 Ra6+ 69. Kg5 Ra8 70. Rf7 Rg8+ 71. Kf6 Ra8 72. Rg7 Ra6+ 73. Kg5 Rxh6 74. Kxh6 1/2-1/2


[Site "https://www.chess.com"]

[Event "Titled Tuesday Blitz June 15 2021"]
[White "Svane, Frederik"]
[Black "Jia, Haoxiang"]
[WhiteFideId "12923044"]
[BlackFideId "8602999"]
[WhiteElo "2459"]
[BlackElo "2649"]
[Result "1-0"]
[Round "08"]
[TimeControl "180+1"]
[Date "2021.06.15"]
[WhiteClock "0:00:06"]
[BlackClock "0:00:19"]

1. e4 c5 2. Nf3 e6 3. d4 cxd4 4. Nxd4 a6 5. g3 d5 6. Ne2 dxe4 7. Qxd8+ Kxd8 8. Nbc3 f5 9. Bf4 Nf6 10. O-O-O Ke8 11. Bg2 Nbd7 12. Nd4 Kf7 13. Be3 Bb4 14. f3 Bxc3 15. bxc3 exf3 16. Bxf3 Ne5 17. Bg2 Nc4 18. Bg5 h6 19. Bd2 e5 20. Nb3 e4 21. Bf1 Nxd2 22. Rxd2 Be6 23. Kb2 Bd5 24. Bg2 Rad8 25. Rhd1 b5 26. Nd4 g6 27. Nc6 Rde8 28. Rxd5 Nxd5 29. Rxd5 Re6 30. Nd4 Re7 31. Rd6 h5 32. h4 Rhe8 33. Bf1 Kg7 34. Be2 Ra8 35. Kb3 Raa7 36. a3 Rab7 37. Rxa6 e3 38. Rd6 Ra7 39. Nc6 Rad7 40. Rxd7 Rxd7 41. Nd4 Rd5 42. Nxb5 g5 43. hxg5 Kg6 44. Nd4 Kxg5 45. Kc4 Ra5 46. Kb4 Re5 47. a4 f4 48. gxf4+ Kxf4 49. a5 h4 50. a6 h3 51. a7 Re8 52. Bf3 h2 53. a8=Q Rxa8 54. Bxa8 Kg3 55. Kc4 Kf2 56. Kd3 1-0


[Site "https://www.chess.com"]

[Event "Titled Tuesday Blitz June 15 2021"]
[White "Tarlabasi, Emirhan"]
[Black "Triapishko, Alexandr"]
[WhiteFideId "6350275"]
[BlackFideId "14122286"]
[WhiteElo "1949"]
[BlackElo "2490"]
[Result "0-1"]
[Round "08"]
[TimeControl "180+1"]
[Date "2021.06.15"]
[WhiteClock "0:00:19"]
[BlackClock "0:00:07"]

1. Nf3 c6 2. c4 d5 3. b3 Nf6 4. Bb2 g6 5. g3 Bg7 6. Bg2 O-O 7. O-O a5 8. d4 a4 9. Nc3 a3 10. Bc1 Ne4 11. Bd2 Bf5 12. Rc1 Na6 13. e3 Nxd2 14. Qxd2 e6 15. Nh4 Bg4 16. h3 Bh5 17. Bf3 Bxf3 18. Nxf3 Re8 19. Rfd1 Qa5 20. e4 dxe4 21. Nxe4 Qxd2 22. Rxd2 Nb4 23. Rcd1 Rad8 24. h4 b6 25. Kg2 h6 26. Ne5 c5 27. Nf3 cxd4 28. Nxd4 Bxd4 29. Rxd4 Rxd4 30. Rxd4 Ra8 31. Nc3 Kg7 32. Kf3 Kf6 33. Rd6 Rb8 34. Ke4 Ke7 35. Rd2 f5+ 36. Ke5 Rc8 37. Kf4 Kf6 38. f3 g5+ 39. hxg5+ hxg5+ 40. Ke3 Ke7 41. g4 fxg4 42. fxg4 Rf8 43. Ne4 Rf1 44. Nxg5 Ra1 45. Kd4 Rxa2 46. Rxa2 Nxa2 47. Ne4 Nb4 48. Kc3 Nd3 49. Kxd3 a2 50. Nc3 a1=Q 51. g5 Qg1 52. Ne4 e5 53. b4 Ke6 54. c5 Qd4+ 55. Kc2 Qxe4+ 56. Kb3 bxc5 57. bxc5 Kd5 58. g6 Kc6 59. g7 Qd5+ 60. Kc3 Qg8 61. Kd3 Qxg7 62. Ke4 Qg5 63. Kf3 Kxc5 64. Ke4 0-1


[Site "https://www.chess.com"]

[Event "Titled Tuesday Blitz June 15 2021"]
[White "Terry, Renato"]
[Black "Sadykov, Ramil"]
[WhiteFideId "3803457"]
[BlackFideId "24113590"]
[WhiteElo "2581"]
[BlackElo "2300"]
[Result "1-0"]
[Round "08"]
[TimeControl "180+1"]
[Date "2021.06.15"]
[WhiteClock "0:01:37"]
[BlackClock "0:01:05"]

1. e4 e5 2. Nf3 Nc6 3. c3 Nf6 4. d4 d6 5. Bb5 Bd7 6. O-O a6 7. Bc4 Be7 8. Re1 b5 9. Bb3 Bg4 10. Be3 O-O 11. Nbd2 Re8 12. h3 Bh5 13. g4 Bg6 14. Nh4 d5 15. Nxg6 hxg6 16. exd5 Nxd5 17. Qf3 Nxe3 18. Bxf7+ Kh7 19. Qxc6 Nc2 20. Qxg6+ 1-0


[Site "https://www.chess.com"]

[Event "Titled Tuesday Blitz June 15 2021"]
[White "Titus, Andrew"]
[Black "Perez Perez, Gabriel"]
[WhiteFideId "2059770"]
[BlackFideId "32089147"]
[WhiteElo "2044"]
[BlackElo "2037"]
[Result "0-1"]
[Round "08"]
[TimeControl "180+1"]
[Date "2021.06.15"]
[WhiteClock "0:01:56"]
[BlackClock "0:00:45"]

1. e4 c5 2. Nf3 Nc6 3. d4 cxd4 4. Nxd4 e5 5. Nb5 d6 6. N1c3 a6 7. Na3 b5 8. Nd5 Nge7 9. Be3 Nxd5 10. Qxd5 Bb7 11. Qd2 Ne7 12. f3 d5 13. exd5 Nxd5 14. Nxb5 axb5 15. Bxb5+ Ke7 16. Bc5+ Ke6 17. Bxf8 Rxf8 18. Bc4 Qh4+ 19. g3 Qxc4 20. b3 Qc3 21. Rd1 Qxf3 22. Rf1 Qe4+ 23. Kf2 Rad8 24. c4 Nf4 25. gxf4 Rxd2+ 26. Rxd2 Qf3+ 27. Ke1 Qe3+ 28. Re2 Qc3+ 29. Kf2 e4 30. Re3 Qd2+ 31. Re2 e3+ 32. Kg3 Qxe2 0-1


[Site "https://www.chess.com"]

[Event "Titled Tuesday Blitz June 15 2021"]
[White "Urazayev, Arystanbek"]
[Black "Tejedor Fuente, Enrique"]
[WhiteFideId "13709810"]
[BlackFideId "2299100"]
[WhiteElo "2321"]
[BlackElo "2535"]
[Result "1-0"]
[Round "08"]
[TimeControl "180+1"]
[Date "2021.06.15"]
[WhiteClock "0:02:13"]
[BlackClock "0:00:01"]

1. e4 d6 2. d4 Nf6 3. Bd3 c6 4. Nd2 g6 5. Ngf3 Bg7 6. O-O O-O 7. c3 Qc7 8. a4 e5 9. Qc2 b6 10. a5 b5 11. dxe5 dxe5 12. Nb3 a6 13. c4 Be6 14. cxb5 Bxb3 15. Qxb3 axb5 16. Qc3 Rc8 17. Be3 Nbd7 18. b4 Ne8 19. Rfc1 Nd6 20. h3 h6 21. Nd2 Kh7 22. Nb3 f5 23. exf5 e4 24. fxg6+ Kh8 25. Bd4 Nf8 26. Bf1 1-0


[Site "https://www.chess.com"]

[Event "Titled Tuesday Blitz June 15 2021"]
[White "Vlassov, Nikolai"]
[Black "Sztokbant, Bernardo Vainzoff"]
[WhiteFideId "4103360"]
[BlackFideId "2115956"]
[WhiteElo "2407"]
[BlackElo "2264"]
[Result "1-0"]
[Round "08"]
[TimeControl "180+1"]
[Date "2021.06.15"]
[WhiteClock "0:01:36"]
[BlackClock "0:00:30"]

1. e4 c5 2. c3 d5 3. exd5 Qxd5 4. d4 Nc6 5. Nf3 Bg4 6. dxc5 Qxd1+ 7. Kxd1 e6 8. Be3 O-O-O 9. Kc1 Nf6 10. b4 Nd5 11. Bb5 Bxf3 12. gxf3 g6 13. Bxc6 bxc6 14. Kc2 Bg7 15. a3 Rd7 16. Ra2 Rhd8 17. c4 Ne7 18. Nc3 Nf5 19. Ne4 Kc7 20. Bf4+ e5 21. Be3 Nd4+ 22. Bxd4 Rxd4 23. Nd6 f5 24. Rd1 Rxd1 25. Kxd1 Bf8 26. Re2 Bxd6 27. cxd6+ Rxd6+ 28. Kc2 Re6 29. c5 Kd7 30. Kd3 g5 31. Kc4 Ke7 32. a4 h5 33. b5 cxb5+ 34. axb5 Kf6 35. c6 Re7 36. Kd5 g4 37. fxg4 hxg4 38. Kd6 Re6+ 39. Kd7 Re7+ 40. Kd8 e4 41. c7 Rxc7 42. Kxc7 1-0


[Site "https://www.chess.com"]

[Event "Titled Tuesday Blitz June 15 2021"]
[White "Vokhidov, Shamsiddin"]
[Black "Rodchenkov, Sergey D."]
[WhiteFideId "14204223"]
[BlackFideId "4168712"]
[WhiteElo "2572"]
[BlackElo "2306"]
[Result "1-0"]
[Round "08"]
[TimeControl "180+1"]
[Date "2021.06.15"]
[WhiteClock "0:00:44"]
[BlackClock "0:01:06"]

1. e4 c5 2. Nc3 e6 3. Nf3 a6 4. g3 b5 5. d4 cxd4 6. Nxd4 Bb7 7. Bg2 Qc7 8. O-O d6 9. Re1 Nd7 10. a4 b4 11. Na2 a5 12. c3 bxc3 13. Nxc3 Ngf6 14. Bf4 Ne5 15. Rc1 Qb8 16. Ncb5 Be7 17. Nc7+ Kf8 18. Nxa8 Bxa8 19. Bxe5 dxe5 20. Nc6 Bxc6 21. Rxc6 g6 22. Qe2 Kg7 23. Qb5 Bb4 24. Qxb8 Rxb8 25. Rd1 Rb7 26. Bf1 Nxe4 27. Bg2 Nf6 28. Rxe6 Rc7 29. Rxe5 Rc2 30. Bf3 Rxb2 31. Re2 Rb3 32. Kg2 h5 33. h3 g5 34. Re5 Kg6 35. Rd8 g4 36. Be4+ Kg7 37. hxg4 Nxg4 38. Rxh5 Kf6 39. Rd7 Ne5 40. Rf5+ Ke6 41. Rd5 f6 42. f4 Rb2+ 43. Kh3 Nf7 44. Rh5 Nd6 45. Bf3 Rf2 46. Bg4+ Kf7 47. Rh7+ Kg6 48. Rdh5 1-0


[Site "https://www.chess.com"]

[Event "Titled Tuesday Blitz June 15 2021"]
[White "Williams, Simon K"]
[Black "Costachi, Mihnea"]
[WhiteFideId "404454"]
[BlackFideId "1217518"]
[WhiteElo "2468"]
[BlackElo "2479"]
[Result "1-0"]
[Round "08"]
[TimeControl "180+1"]
[Date "2021.06.15"]
[WhiteClock "0:00:07"]
[BlackClock "0:00:38"]

1. b3 d6 2. Bb2 c5 3. f4 Nc6 4. Nf3 Nf6 5. e3 g6 6. g3 Bg7 7. Bg2 O-O 8. O-O Qc7 9. Nc3 a6 10. a4 b6 11. d3 Bb7 12. e4 Nd4 13. Ne2 Nxf3+ 14. Bxf3 b5 15. g4 c4 16. g5 Ne8 17. Bxg7 Nxg7 18. bxc4 bxc4 19. d4 e5 20. fxe5 dxe5 21. d5 f6 22. gxf6 Rxf6 23. Bg2 Raf8 24. Rxf6 Rxf6 25. Qd2 Ne8 26. Qe3 Nd6 27. a5 Nb5 28. c3 Bc8 29. Ng3 Bg4 30. h3 Bd7 31. h4 Bg4 32. Kh2 Rf4 33. Rf1 Rxf1 34. Bxf1 Bc8 35. h5 Nd6 36. Qg5 Nf7 37. Qf6 Qd6 38. Qxd6 Nxd6 39. hxg6 hxg6 40. Kg2 Bd7 41. Kf3 Kf7 42. Be2 Ba4 43. Ke3 Bc2 44. Bg4 Kf6 45. Bf3 Kg5 46. Nf1 Kh4 47. Nd2 Ba4 48. Be2 Bb5 49. Nf3+ Kg3 50. Nxe5 g5 51. Ng4 Bd7 52. Nf6 Bb5 53. e5 Nf5+ 54. Ke4 Ng7 55. e6 Kh4 56. e7 g4 57. Bxg4 Kg5 58. Ke5 Ba4 59. Bd7 Bb5 60. Bxb5 axb5 61. d6 b4 62. d7 b3 63. d8=Q b2 64. Qd2+ Kg6 65. Qxb2 Kf7 66. Qf2 Ne6 67. Nd5+ Ke8 68. Qf6 Ng7 69. Qf8+ Kd7 70. Qxg7 Ke8 71. Qf8+ Kd7 72. e8=Q# 1-0


[Site "https://www.chess.com"]

[Event "Titled Tuesday Blitz June 15 2021"]
[White "Willow, Jonah B"]
[Black "Morefield, Jason"]
[WhiteFideId "438804"]
[BlackFideId "30920825"]
[WhiteElo "2261"]
[BlackElo "2171"]
[Result "1-0"]
[Round "08"]
[TimeControl "180+1"]
[Date "2021.06.15"]
[WhiteClock "0:01:00"]
[BlackClock "0:00:14"]

1. e4 c5 2. Nf3 d6 3. d4 cxd4 4. Qxd4 Nf6 5. Nc3 Nc6 6. Bb5 Bd7 7. Bxc6 Bxc6 8. Bg5 e5 9. Qd3 Be7 10. O-O O-O 11. Nd2 Nd7 12. Bxe7 Qxe7 13. Nd5 Bxd5 14. Qxd5 Nf6 15. Qd3 Rfd8 16. c4 Rac8 17. Rfd1 Nd7 18. Nf1 Nc5 19. Qe2 Ne6 20. Ne3 Nd4 21. Qg4 Qe6 22. Qxe6 fxe6 23. Rd2 b5 24. b3 bxc4 25. Nxc4 g5 26. Rad1 Kf7 27. f3 Kf6 28. Kf2 d5 29. exd5 Rxd5 30. Ne3 Rdc5 31. Ng4+ Kf5 32. Re1 h5 33. Ne3+ Kf6 34. Nc4 a5 35. Red1 Nf5 36. Nb6 g4 37. Nxc8 Rxc8 38. Re1 Rc3 39. Rde2 Nd4 40. Rxe5 Rc2+ 41. Kg3 gxf3 42. gxf3 Rxa2 43. R1e4 h4+ 44. Kf4 Rd2 45. Rxa5 Nxb3 46. Rh5 Rxh2 47. Rh6+ Kg7 48. Rexe6 Nc5 49. Reg6+ Kf7 50. Rc6 Nd3+ 51. Ke3 Ne5 52. Rc7+ Kg8 53. Re6 1-0


[Site "https://www.chess.com"]

[Event "Titled Tuesday Blitz June 15 2021"]
[White "Xiong, Jeffery"]
[Black "Kovalev, Vladislav"]
[WhiteFideId "2047640"]
[BlackFideId "13504398"]
[WhiteElo "2724"]
[BlackElo "2573"]
[Result "1-0"]
[Round "08"]
[TimeControl "180+1"]
[Date "2021.06.15"]
[WhiteClock "0:00:05"]
[BlackClock "0:00:08"]

1. e4 e5 2. Nf3 Nc6 3. Nc3 Nf6 4. d4 exd4 5. Nxd4 Bb4 6. Nxc6 bxc6 7. Bd3 O-O 8. O-O d5 9. exd5 cxd5 10. Qf3 c6 11. h3 Bd6 12. Bf4 Rb8 13. b3 Rb4 14. Ne2 a5 15. Rad1 Re8 16. c4 a4 17. Bc2 axb3 18. axb3 Rb7 19. Nd4 Bxf4 20. Qxf4 Qc7 21. Qxc7 Rxc7 22. c5 Bd7 23. Rfe1 Rb8 24. Ra1 Kf8 25. Ra4 g6 26. g4 h6 27. f3 Be8 28. Bxg6 Nd7 29. b4 Rcb7 30. Bf5 Rxb4 31. Rxb4 Rxb4 32. Nxc6 Rb5 33. Bxd7 Bxd7 34. Ne5 Be6 35. Rc1 Rb2 36. c6 Ke7 37. c7 Bc8 38. Nc6+ Kd7 39. Nd4 Rb4 40. Nf5 h5 41. gxh5 Rf4 42. Ne3 Kd6 43. Rd1 d4 44. Ng2 Rxf3 45. Rxd4+ Kxc7 46. h6 Bf5 47. Nh4 Rg3+ 48. Kf2 Rg5 49. Rd5 Rh5 50. Nxf5 Rxh3 51. Kg2 Rh5 52. Kg3 f6 53. Kg4 Rg5+ 54. Kf4 Rh5 55. Rd2 Kc6 56. Rg2 Kd5 57. Rg4 Rh1 58. Rh4 Rf1+ 59. Kg4 Ke5 60. h7 Rf4+ 61. Kg3 Rxf5 62. h8=Q Rg5+ 63. Kh3 1-0


[Site "https://www.chess.com"]

[Event "Titled Tuesday Blitz June 15 2021"]
[White "Yanchenko, Roman"]
[Black "Avila Pavas, Santiago"]
[WhiteFideId "4137329"]
[BlackFideId "4437128"]
[WhiteElo "2514"]
[BlackElo "2244"]
[Result "1-0"]
[Round "08"]
[TimeControl "180+1"]
[Date "2021.06.15"]
[WhiteClock "0:00:11"]
[BlackClock "0:00:07"]

1. d4 Nf6 2. c4 c5 3. Nf3 cxd4 4. Nxd4 Nc6 5. Nc3 g6 6. e3 Bg7 7. Be2 O-O 8. O-O d5 9. Bf3 Nxd4 10. Qxd4 dxc4 11. Qxc4 Be6 12. Qa4 Qb6 13. b3 Nd5 14. Nxd5 Bxd5 15. Rb1 Bxf3 16. gxf3 Rac8 17. Ba3 Bf6 18. Rbc1 Rfd8 19. Rxc8 Rxc8 20. Rd1 Kg7 21. Rd7 Qe6 22. Rxb7 Rd8 23. Kg2 Rd2 24. Qe4 Qa6 25. Bxe7 Rxa2 26. Qb4 Ra1 27. Bxf6+ Qxf6 28. Qe7 Qf5 29. Rxa7 Rc1 30. h3 Qd5 31. Qe4 Qb5 32. Qd4+ Kh6 33. Rxf7 Qf1+ 34. Kg3 Qg1+ 35. Kf4 Qg5+ 36. Ke4 Rc5 37. Qg7+ Kh5 38. Qxh7+ Qh6 39. Qxh6+ Kxh6 40. Rb7 Rh5 41. b4 Rxh3 42. b5 Rh1 43. b6 Rb1 44. Rb8 g5 45. f4 gxf4 46. Kxf4 Kg6 47. e4 Kg7 48. f3 Rb5 49. e5 Kf7 50. Kf5 Ke7 51. Rb7+ Kd8 52. Kf6 Kc8 53. Rh7 Rxb6+ 54. e6 Kd8 55. f4 Ke8 56. Rh8# 1-0


[Site "https://www.chess.com"]

[Event "Titled Tuesday Blitz June 15 2021"]
[White "Yoo, Christopher Woojin"]
[Black "Weetik, Vjacheslav"]
[WhiteFideId "30909694"]
[BlackFideId "4153472"]
[WhiteElo "2009"]
[BlackElo "2469"]
[Result "1-0"]
[Round "08"]
[TimeControl "180+1"]
[Date "2021.06.15"]
[WhiteClock "0:00:07"]
[BlackClock "0:00:01"]

1. e4 d5 2. exd5 Qxd5 3. Nc3 Qd6 4. g3 Nf6 5. Bg2 Bg4 6. Nge2 c6 7. h3 Bh5 8. d3 Nbd7 9. g4 Bg6 10. Nf4 e5 11. Nxg6 hxg6 12. Qe2 O-O-O 13. Bd2 Nc5 14. O-O-O Qc7 15. Rhe1 Bd6 16. Be3 Ne6 17. g5 Nh5 18. Qg4 Kb8 19. Ne4 Bb4 20. c3 Ba5 21. Bf1 Nhf4 22. Kb1 Bb6 23. Bxb6 axb6 24. h4 Rd7 25. Qg3 b5 26. Nd2 Nc5 27. Re3 Rhd8 28. Ne4 Nxe4 29. Rxe4 f6 30. gxf6 gxf6 31. a4 f5 32. Rb4 bxa4 33. Rxa4 c5 34. Re1 Nxd3 35. Bxd3 Rxd3 36. Qxe5 Rd1+ 37. Ka2 Rxe1 38. Qxe1 Qf7+ 39. c4 Qf6 40. Qa5 Qd6 41. Qa7+ Kc7 42. Ra5 1-0


[Site "https://www.chess.com"]

[Event "Titled Tuesday Blitz June 15 2021"]
[White "Zemach, Roee"]
[Black "Shahade, Gregory"]
[WhiteFideId "2818531"]
[BlackFideId "2009064"]
[WhiteElo "2131"]
[BlackElo "2725"]
[Result "0-1"]
[Round "08"]
[TimeControl "180+1"]
[Date "2021.06.15"]
[WhiteClock "0:00:40"]
[BlackClock "0:00:56"]

1. d4 Nf6 2. c4 g6 3. g3 Bg7 4. Bg2 d5 5. cxd5 Nxd5 6. Nf3 Nb6 7. O-O Nc6 8. e3 O-O 9. Nc3 Re8 10. Nh4 a5 11. f4 a4 12. Nf3 Be6 13. Re1 Nd5 14. Nxd5 Qxd5 15. e4 Bxd4+ 16. Kh1 Qc5 17. Nxd4 Qxd4 18. Be3 Qxd1 19. Rexd1 Red8 20. a3 Bb3 21. Rxd8+ Rxd8 22. e5 Bd5 23. Rc1 Bxg2+ 24. Kxg2 Rd3 25. Kf2 Rb3 26. Rc2 Kf8 27. Ke2 Ke8 28. Bf2 h5 29. Rd2 e6 30. Bc5 b6 31. Bf2 Ne7 32. Rc2 Nd5 33. Bg1 Kd7 34. Bf2 c5 35. Bg1 Kc6 36. Bf2 h4 37. Rd2 b5 38. Rc2 c4 39. Rd2 c3 40. bxc3 Rxc3 41. Bd4 Rxa3 42. Rc2+ Kb7 43. Rc5 Rb3 44. gxh4 Nxf4+ 45. Kd2 Rd3+ 0-1


[Site "https://www.chess.com"]

[Event "Titled Tuesday Blitz June 15 2021"]
[White "Zhigalko, Sergei"]
[Black "Demchenko, Anton"]
[WhiteFideId "13502956"]
[BlackFideId "4160258"]
[WhiteElo "2662"]
[BlackElo "2593"]
[Result "0-1"]
[Round "08"]
[TimeControl "180+1"]
[Date "2021.06.15"]
[WhiteClock "0:00:02"]
[BlackClock "0:00:04"]

1. e4 e5 2. Nf3 Nc6 3. Bc4 Nf6 4. d3 Be7 5. O-O O-O 6. Nbd2 d6 7. c3 Kh8 8. Re1 Ng8 9. d4 Bg4 10. h3 Bh5 11. Be2 exd4 12. cxd4 d5 13. e5 Bb4 14. a3 Ba5 15. b4 Bb6 16. Nb3 f6 17. e6 Nge7 18. Bf4 Bxf3 19. Bxf3 Nf5 20. b5 Nce7 21. a4 a5 22. Qd3 Nd6 23. Nc5 Bxc5 24. dxc5 Nc4 25. Rad1 Nb2 26. Qc2 Nxd1 27. Rxd1 c6 28. Bd6 Re8 29. Re1 Nc8 30. Bf4 Ne7 31. Bd6 Nc8 32. Bf4 Ne7 33. Bh5 g6 34. Bg4 h5 35. Bf3 Kg7 36. Bd6 Rh8 37. bxc6 bxc6 38. Rb1 Ra7 39. g4 hxg4 40. hxg4 Qg8 41. Qc3 Qxe6 42. Re1 Qf7 43. g5 Nf5 44. gxf6+ Kh7 45. Bg4 Re8 46. Rd1 Re4 47. Qh3+ Kg8 48. f3 Re2 49. Bxf5 gxf5 50. Qxf5 Qh7 51. Qc8+ Kf7 52. Qg4 Qg6 53. Kf1 Re3 54. Kf2 Qxg4 55. fxg4 Ra3 56. g5 Rxa4 57. Rh1 Kg6 58. Rh8 Rg4 59. Rg8+ Kh7 60. Rg7+ Rxg7 61. Kf3 R4xg5 62. Kf4 Rf7 63. Kxg5 a4 64. Kf5 a3 65. Ke6 Kg6 66. Be5 a2 67. Ba1 Rb7 68. Bd4 Rb4 69. f7 Rxd4 70. f8=Q a1=Q 71. Qg8+ Kh5 72. Qh8+ Kg4 73. Qxd4+ Qxd4 0-1


[Site "https://www.chess.com"]

[Event "Titled Tuesday Blitz June 15 2021"]
[White "Zubov, Alexander"]
[Black "Jobava, Baadur"]
[WhiteFideId "14109409"]
[BlackFideId "13601520"]
[WhiteElo "2740"]
[BlackElo "2748"]
[Result "1/2-1/2"]
[Round "08"]
[TimeControl "180+1"]
[Date "2021.06.15"]
[WhiteClock "0:00:02"]
[BlackClock "0:01:08"]

1. Nf3 d5 2. g3 c6 3. Bg2 Nf6 4. O-O Bf5 5. d3 e6 6. Nbd2 Be7 7. Qe1 h6 8. e4 Bh7 9. Qe2 O-O 10. b3 a5 11. a3 Na6 12. Bb2 Re8 13. Ne5 Bf8 14. f4 Nc5 15. g4 dxe4 16. dxe4 Na4 17. g5 hxg5 18. fxg5 Nxb2 19. Kh1 Bd6 20. Nxf7 Kxf7 21. e5 Bxe5 22. Qxe5 Qxd2 23. gxf6 Bf5 24. fxg7 Qxc2 25. Be4 Nd3 26. Rxf5+ exf5 27. Qxf5+ Ke7 28. Bxd3 Qc3 29. Rg1 Rg8 30. Bc4 Rxg7 31. Qe6+ Kd8 32. Qd6+ Ke8 33. Qe6+ Kd8 34. Qd6+ Ke8 35. Qe6+ Kd8 1/2-1/2


[Site "https://www.chess.com"]

[Event "Titled Tuesday Blitz June 15 2021"]
[White "deribas12345"]
[Black "Dan-Lowes"]
[WhiteElo "2536"]
[BlackElo "2139"]
[Result "1-0"]
[Round "08"]
[TimeControl "180+1"]
[Date "2021.06.15"]
[WhiteClock "0:00:48"]
[BlackClock "0:01:15"]

1. d4 Nf6 2. c4 g6 3. Nc3 d5 4. Bg5 Bg7 5. Nf3 Ne4 6. Bh4 Nxc3 7. bxc3 dxc4 8. e3 b5 9. a4 c6 10. Qb1 a6 11. Be2 O-O 12. O-O Nd7 13. Qe4 Nf6 14. Qxc6 Nd5 15. Qxa8 Nxc3 16. Rfe1 Qc7 17. Bg3 Qa5 18. axb5 Nxe2+ 19. Kh1 Qc3 20. bxa6 e5 21. Bxe5 Bxe5 22. dxe5 Qb2 23. a7 c3 24. Qb8 Bb7 25. Rab1 Qa2 26. Rxb7 c2 27. Qxf8+ Kxf8 28. Rb8+ Kg7 29. a8=Q Qc4 30. Rh8 Kh6 31. Qf8+ Kh5 32. Rxh7+ Kg4 33. Rh4+ Kf5 1-0


[Site "https://www.chess.com"]

[Event "Titled Tuesday Blitz June 15 2021"]
[White "Alekseenko, Kirill"]
[Black "Jacobson, Brandon"]
[WhiteFideId "4135539"]
[BlackFideId "30901561"]
[WhiteElo "2580"]
[BlackElo "2362"]
[Result "1/2-1/2"]
[Round "09"]
[TimeControl "180+1"]
[Date "2021.06.15"]
[WhiteClock "0:00:24"]
[BlackClock "0:00:19"]

1. e4 e5 2. Nf3 Nc6 3. Bc4 Bc5 4. c3 Nf6 5. d3 d6 6. O-O h6 7. Re1 O-O 8. h3 a5 9. Nbd2 Be6 10. Bb5 Bb6 11. Nf1 Nh7 12. Be3 Bxe3 13. Nxe3 Ne7 14. d4 Ng5 15. dxe5 Nxf3+ 16. Qxf3 dxe5 17. Rad1 Qc8 18. Bc4 Bxc4 19. Nxc4 Qe6 20. Ne3 Rfd8 21. a3 c6 22. h4 Rd6 23. Rxd6 Qxd6 24. Rd1 Qc7 25. h5 Rd8 26. Ng4 f6 27. Ne3 b5 28. a4 bxa4 29. Qe2 Rxd1+ 30. Qxd1 Qb6 31. Nc4 Qb3 32. Qd8+ Kh7 33. Ne3 a3 34. bxa3 Qxa3 35. Kh2 Qc5 36. Qf8 Qa7 37. Qf7 Qc5 38. Qf8 Qa7 39. Qf7 Qc5 40. Qb3 Nc8 41. Nf5 Ne7 42. Ne3 Nc8 43. Nf5 Ne7 44. Ne3 1/2-1/2


[Site "https://www.chess.com"]

[Event "Titled Tuesday Blitz June 15 2021"]
[White "Andreikin, Dmitry"]
[Black "Khusnutdinov, Rustam"]
[WhiteFideId "4158814"]
[BlackFideId "13701703"]
[WhiteElo "2782"]
[BlackElo "2571"]
[Result "1/2-1/2"]
[Round "09"]
[TimeControl "180+1"]
[Date "2021.06.15"]
[WhiteClock "0:00:25"]
[BlackClock "0:00:47"]

1. d4 Nf6 2. Bg5 Ne4 3. Bf4 c5 4. f3 Qa5+ 5. c3 Nf6 6. d5 Qb6 7. Bc1 e6 8. e4 exd5 9. exd5 Bd6 10. Na3 O-O 11. Nc4 Qc7 12. Nxd6 Qxd6 13. c4 Re8+ 14. Ne2 b5 15. Kf2 bxc4 16. Nc3 Ba6 17. Be2 Qe5 18. Re1 d6 19. Bf1 Qxh2 20. Rxe8+ Nxe8 21. Qa4 Qh4+ 22. g3 Qd8 23. Bg5 Qd7 24. Bh3 Qxa4 25. Nxa4 Bb5 26. Nc3 Bd7 27. Re1 h6 28. Bd8 Kf8 29. Be7+ Kg8 30. Bd8 Kf8 31. Be7+ Kg8 32. Bd8 1/2-1/2


[Site "https://www.chess.com"]

[Event "Titled Tuesday Blitz June 15 2021"]
[White "Annaberdiyev, Babageldi"]
[Black "Kamsky, Gata"]
[WhiteFideId "14000385"]
[BlackFideId "2000024"]
[WhiteElo "2332"]
[BlackElo "2644"]
[Result "0-1"]
[Round "09"]
[TimeControl "180+1"]
[Date "2021.06.15"]
[WhiteClock "0:00:21"]
[BlackClock "0:00:47"]

1. e4 c5 2. Nf3 e6 3. d3 Nc6 4. Nbd2 g6 5. g3 Bg7 6. h4 h6 7. Bg2 d6 8. O-O Nge7 9. Re1 O-O 10. c3 e5 11. a4 Be6 12. h5 g5 13. Nh2 f5 14. exf5 Bxf5 15. Ne4 Qd7 16. Be3 b6 17. b4 d5 18. bxc5 dxe4 19. dxe4 Qxd1 20. Raxd1 Be6 21. Rd6 Bf7 22. cxb6 axb6 23. Bxb6 Rxa4 24. Ng4 Kh7 25. Ne3 Bxh5 26. Rd7 Rf7 27. Rc7 Ra6 28. Bc5 Ng8 29. Rc8 Nce7 30. Re8 Rc6 31. Bb4 Rc8 32. Rxc8 Nxc8 33. Ra1 Bg6 34. Nf5 g4 35. Ra5 Bf6 36. f3 gxf3 37. Bxf3 Ra7 38. Rd5 Nce7 39. Nxe7 Nxe7 40. Rc5 h5 41. Kf2 Bf7 42. Ba5 h4 43. gxh4 Bxh4+ 44. Ke2 Ng6 45. Bg4 Be7 46. Rb5 Bc4+ 0-1


[Site "https://www.chess.com"]

[Event "Titled Tuesday Blitz June 15 2021"]
[White "Baskin, Robert"]
[Black "Sarana, Alexey"]
[WhiteFideId "24662402"]
[BlackFideId "24133795"]
[WhiteElo "2462"]
[BlackElo "2629"]
[Result "0-1"]
[Round "09"]
[TimeControl "180+1"]
[Date "2021.06.15"]
[WhiteClock "0:00:01"]
[BlackClock "0:02:21"]

1. d4 Nf6 2. c4 e6 3. Nf3 d5 4. Nc3 Bb4 5. Bg5 dxc4 6. e4 c5 7. Bxc4 cxd4 8. Nxd4 Bxc3+ 9. bxc3 Qa5 10. Bxf6 Qxc3+ 11. Kf1 Qxc4+ 12. Kg1 Bd7 13. Rc1 Qb4 14. Bxg7 Rg8 15. Bf6 Rg6 16. a3 Qd6 17. e5 Qd5 18. f3 Nc6 19. Nxc6 Bxc6 20. Qxd5 Bxd5 21. Kf2 Kd7 22. g4 Rgg8 23. h4 Rac8 24. h5 b5 25. Ke3 a5 26. Kf4 b4 27. axb4 axb4 28. Rxc8 Rxc8 29. Rb1 b3 30. Kg5 Rc3 31. f4 Rg3 32. f5 exf5 33. Kxf5 Be6+ 34. Kg5 Rxg4+ 35. Kh6 Rg2 36. Bh8 b2 37. Bf6 Kc6 38. Bh8 Kc5 39. Re1 Kc4 40. Kxh7 Bf5+ 41. Kh6 b1=Q 42. Rxb1 Bxb1 43. Bf6 Kd5 0-1


[Site "https://www.chess.com"]

[Event "Titled Tuesday Blitz June 15 2021"]
[White "Bluebaum, Matthias"]
[Black "Colas, Joshua"]
[WhiteFideId "24651516"]
[BlackFideId "2044447"]
[WhiteElo "2685"]
[BlackElo "2347"]
[Result "1-0"]
[Round "09"]
[TimeControl "180+1"]
[Date "2021.06.15"]
[WhiteClock "0:01:19"]
[BlackClock "0:00:53"]

1. d4 d5 2. c4 e6 3. Nc3 Nf6 4. cxd5 exd5 5. Bg5 Nbd7 6. e3 c6 7. Bd3 Be7 8. h3 Nf8 9. Bf4 Ne6 10. Bh2 Bd6 11. Bxd6 Qxd6 12. Nf3 O-O 13. Qc2 Re8 14. O-O-O b5 15. Kb1 a5 16. Rc1 Ba6 17. g4 b4 18. Na4 Bxd3 19. Qxd3 Ne4 20. Rc2 c5 21. dxc5 N6xc5 22. Nxc5 Nxc5 23. Qb5 Ne4 24. Rd1 Qf6 25. Nd4 Nxf2 26. Rf1 Rxe3 27. Nf5 Rxh3 28. Rcxf2 1-0


[Site "https://www.chess.com"]